 Dungeon Crawl Stone Soup version 0.25.0-9-g26727b6 (webtiles) character file.

Game seed: 12345598610489848050

518 shmeve the Chopper (level 7, -1/62 HPs)
             Began as a Minotaur Berserker on June 22, 2020.
             Was a Priest of Trog.
             Killed from afar by an orc wizard (3 damage)
             ... with a puff of frost
             ... on level 4 of the Dungeon.
             The game lasted 00:07:34 (3700 turns).

shmeve the Chopper (Minotaur Berserker)             Turns: 3700, Time: 00:07:35

Health: -1/62      AC: 10    Str: 22    XL:     7   Next: 1%
Magic:  6/6        EV:  9    Int:  5    God:    Trog [***...]
Gold:   157        SH:  5    Dex: 10    Spells: 6/6 levels left

rFire    . . .     SeeInvis .   e - -2 hunting sling (curse)
rCold    . . .     Gourm    .   (no shield)
rNeg     . . .     Faith    .   j - +1 chain mail
rPois    .         Spirit   .   (helmet restricted)
rElec    .         Reflect  +   (no cloak)
rCorr    .         Harm     .   (no gloves)
MR       .....                  (no boots)
Stlth    ..........             b - amulet of reflection
HPRegen  0.20/turn              (no ring)
MPRegen  0.10/turn              (no ring)

@: no status effects
A: retaliatory headbutt, horns 2
a: Berserk, Trog's Hand, Renounce Religion


You were on level 4 of the Dungeon.
You worshipped Trog.
Trog was most pleased with you.
You were not hungry.

You visited 1 branch of the dungeon, and saw 4 of its levels.

You collected 157 gold pieces.

Inventory:

Hand Weapons
 a - a +0 hand axe
 e - a cursed -2 hunting sling (weapon)
Missiles
 h - 8 boomerangs (quivered)
 m - a throwing net
Armour
 j - a +1 chain mail (worn)
Jewellery
 b - an amulet of reflection (around neck)
 o - a +4 ring of evasion {unknown}
 r - a +4 ring of protection {unknown}
Scrolls
 i - a scroll of teleportation
 l - 4 scrolls of identify
 n - a scroll of enchant armour
Potions
 f - a potion of mutation {unknown}
 g - a potion of heal wounds {unknown}
 k - a potion of haste {unknown}
 p - a potion of degeneration {unknown}
 q - a potion of curing {unknown}
 s - 2 potions of berserk rage {unknown}
 t - a potion of lignification {unknown}
Comestibles
 c - 3 rations
 d - 8 chunks of flesh


   Skills:
 * Level 5.7 Fighting
 * Level 5.7 Axes
 * Level 3.6(3.7) Slings
 - Level 0.1(2.0) Throwing
 + Level 3.9 Armour
 + Level 3.5 Dodging


You had 6 spell levels left.
You didn't know any spells.
Your spell library was empty.

Dungeon Overview and Level Annotations

Branches:
Dungeon (4/15)
 Temple: D:4-7

Altars:
Nemelex Xobeh
Vehumet
Wu Jian
The Shining One

Annotations:
D:2 1 runed translucent door, Crazy Yiuf


Innate Abilities, Weirdness & Mutations

You reflexively headbutt those who attack you in melee.
You have a pair of horns on your head.


Message History

The orc is heavily wounded.
The orc barely misses you. Something hits you but does no damage.
Throwing (i - inventory. (/) - cycle)
h - 8 boomerangs (quivered)
Press: ? - help, Shift-Dir - straight line, f/p - orc
Aim: an orc, wielding a +0 falchion (heavily wounded)
You throw a boomerang. The boomerang hits the orc.
You kill the orc!
Trog accepts your kill.
Something hits you but does no damage. x2
Throwing (i - inventory. (/) - cycle)
h - 8 boomerangs (quivered)
Press: ? - help, Shift-Dir - straight line You throw a boomerang.
Something hits you.
* * * LOW HITPOINT WARNING * * *
Throwing (i - inventory. (/) - cycle)
h - 8 boomerangs (quivered)
Press: ? - help, Shift-Dir - straight line You throw a boomerang.
Something hits you but does no damage.
You hear some strange, mumbled words.
A puff of frost appears from out of thin air!
The puff of frost hits you.
You die...

.........####......#........#
......... #.............#.##
......... #..#.............#
.....................)......##
..............#......<.......#
.....#######..#.######.......#
...... ....#.######.......#
.###.# ####.#)#...........##
## #..{@....⌠.⌠.....# ..
#....)####.._......# . ......#
##⌠.⌠...... ...#.. ##...<..##
## ## ########


There were no monsters in sight!

Vanquished Creatures
  An ogre (D:4)
  4 orc priests
  A hound (D:4)
  2 orc wizards
  Natasha (thrice) (D:2)
  A worker ant (D:4)
  3 adders
  3 oozes
  An adder skeleton (D:4)
  2 worms (D:3)
  2 dart slugs (D:2)
  4 leopard geckos
  12 orcs
  8 bats
  4 giant cockroaches
  6 hobgoblins
  A quokka (D:2)
  3 frilled lizards
  8 goblins
  5 kobolds
  4 rats
78 creatures vanquished.

Notes
Turn   | Place    | Note
-------+----------+-------------------------------------------
     0 | D:1      | shmeve the Minotaur Berserker began the quest for the Orb.
     0 | D:1      | Reached XP level 1. HP: 19/19 MP: 0/0
   166 | D:1      | Reached XP level 2. HP: 22/27 MP: 1/1
   583 | D:1      | Reached skill level 1 in Slings
   920 | D:1      | Reached XP level 3. HP: 33/33 MP: 2/2
  1366 | D:2      | Found a runed translucent door.
  1367 | D:2      | Noticed Crazy Yiuf
  1538 | D:2      | Noticed Natasha
  1547 | D:2      | Killed Natasha
  1547 | D:2      | Reached ** piety under Trog
  1547 | D:2      | Reached XP level 4. HP: 36/41 MP: 3/3
  1604 | D:2      | Noticed Natasha
  1613 | D:2      | Killed Natasha
  1710 | D:2      | Found an ornate altar of the Wu Jian Council.
  1710 | D:2      | Found a glowing golden altar of the Shining One.
  1743 | D:2      | Found a radiant altar of Vehumet.
  1975 | D:2      | Noticed Natasha
  1982 | D:2      | Killed Natasha
  1982 | D:2      | Reached XP level 5. HP: 47/47 MP: 4/4
  2651 | D:3      | Reached skill level 5 in Axes
  2658 | D:3      | Reached skill level 5 in Fighting
  3025 | D:3      | Reached XP level 6. HP: 56/56 MP: 5/5
  3307 | D:4      | Reached *** piety under Trog
  3667 | D:4      | Found a sparkling altar of Nemelex Xobeh.
  3696 | D:4      | Reached XP level 7. HP: 6/62 MP: 6/6
  3696 | D:4      | HP: 3/62 [orc/+0 falchion (3)]
  3700 | D:4      | Killed from afar by an orc wizard

Illustrated notes

Levels and vault maps discovered:
D:1:      giann_wishing_wells, layout_loops_cross, minmay_tree_intersection
D:2:      layout_loops_ring, vehumet_crystals, gammafunk_temple_overflow_wave,
          minmay_misc_feat_nine_boxes, amethyst_killhole, uniq_natasha,
          uniq_crazy_yiuf_cottage
D:3:      layout_loops_corners, cheibrodos_sewer_entry_sluice, moated_statue,
          st_stairs_9
D:4:      layout_rooms, nemelex_xobeh_ov_fountains_minmay, temple_hall,
          kennysheep_generic_room_2

Skill      XL: |  1  2  3  4  5 |
---------------+----------------+-----
Axes           | 4 5 |  5.7
Slings         | 1 2 3 |  3.6
Fighting       | 4 5 |  5.7
Armour         | 3 |  3.9
Dodging        | 3 |  3.5
Throwing       | |  0.1

Action                   |  1- 3 |  4- 6 |  7- 9 || total
-------------------------+-------+-------+-------++-------
Melee: Hand axe          |    50 |       |       ||    50
       Headbutt          |     7 |       |       ||     7
       Hunting sling     |       |     2 |       ||     2
 Fire: Hunting sling     |    10 |    75 |       ||    85
Throw: Boomerang         |       |   139 |     4 ||   143
Invok: Berserk           |     1 |       |       ||     1
  Use: Scroll            |     6 |       |       ||     6
       Potion            |     1 |       |       ||     1
  Eat: Chunk             |     2 |     7 |       ||     9
Armor: Animal skin       |     8 |       |       ||     8
       Chain mail        |     7 |   101 |     5 ||   113
Dodge: Dodged            |    54 |    65 |     1 ||   120
Block: Other             |     1 |    29 |       ||    30
       Reflection        |       |     2 |       ||     2
